cohdb
Replays
Latest Replays
All Replays
Popular Replays
Top Player Replays
Match Explorer
How It Works
Community
CoH3 Stats
Reddit
Sign in to upload your games and track your stats! →
Sign in with Steam
Match 39965766
Unlisted
Match 39965766
Overview
Messages
Build Orders
End
Construct Section Command Post
Selects Canadian Shock Battlegroup
Vickers Machine Gun Team
Royal Engineer Section
Dingo Light Scout Car
Vickers Machine Gun Team
Construct Platoon Command Post
Selects Attacking Spirit
Selects Canadian Shock Section
Canadian Shock Section
Unlock M3 Stuart Light Tanks
M3 Stuart Light Tank
M3 Stuart Light Tank
Selects Smoke Operation
Canadian Shock Section
Selects Burnout
Construct Company Command Post
Canadian Shock Section
Smoke Operation
Crusader II Medium Tank
Selects Pyrotechnics
Dadical
[GG]Onkel Stonkel
Sy Ableman?!
[GG]Quiq
CaptainProlo
BRNOBOLEST
youngmilfhunter
ionwood
0
0
Comments
sign in to comment!
No comments posted yet!